Match 46462212
Unlisted

Match 46462212
End
Engineer Squad
Construct Barracks
Selects Armored Battlegroup
Selects Veteran Crews
1⁄4-ton 4x4 Truck
Riflemen Squad
Riflemen Squad
Riflemen Squad
Construct Medical Station
Infantry Support Center
Grenade Package
Construct Motor Pool
M8 Greyhound Armored Car
Selects Fast Deploy
Engineer Squad
Selects M8 Scott SPG
M8 Scott SPG
M24 Chaffee Light Tank
Selects M31 Recovery Vehicle
M1918 Browning Automatic Rifles
M1 Anti-tank Gun Team
M24 Chaffee Light Tank
M31 Recovery Vehicle
M8 Scott SPG
M8 Scott SPG
M24 Chaffee Light Tank
Selects War Machine
M24 Chaffee Light Tank
M24 Chaffee Light Tank
M31 Recovery Vehicle
Construct Weapon Support Center
M1919 Machine Gun Team
Riflemen Squad
天天关注喵
UMirinBrah?
0
0

Comments sign in to comment!

No comments posted yet!